Unix NetHack Version 5.0.0-0 post-release - last build May 17 2026 04:57:42 (dc50c8380fa5e20985bfe3072449f57b8d9895ef,branch:main).

Game began 2026-05-18 18:32:51, ended 2026-05-20 03:41:25.

Koku, neutral female gnomish Wizard

           ------       -----          -----------                  ----------
           |.....#######|....#         |.{........##   ------      #........*|
           |..>.|      #|...|#        #..........| ####.....|      @|........|
           |....-###   #|...|#        #|.........|#    |....|      @|........|
           |....|  ### #|...|#        #-----------     |....|      #|........|
           |../.-### ###....|#        ##               .....|      D--|-------
           ----.-  #   #-----#         #               -|----    ###  ##
           #####   #   #####################            #     ####     #####
           #       #####     #         #                #     #            #
         ###           #     #         #                #     #            #
      ---.------------ #     #         #               -.---- #           -|-
      |..............| #  ####         #               |....|##          ...|
      |............<.| ## #------------#               |..[..#          |!?)|
      |..............|  ###|..........|#               |....|           |%)/|
      ----------------    #|..........|#               -|-.--           |0/%|
                          #|.........{|#                # #             -----
                          #............#
                           ------------

Koku the Conjurer         St:17 Dx:14 Co:14 In:18 Wi:10 Ch:11  Neutral
Dlvl:4  $:95 HP:29(33) Pw:18(47) AC:7  Xp:5 T:2920  Hallu

Latest messages:
 This fortune cookie is gnarly!
 This cookie has a scrap of paper inside.
 It reads:
 Eating unpaid leprechauns may be advantageous.
 You hear some noises in the distance.
 In what direction? 8
 The door closes.
 You hear some noises in the distance.
 What do you want to use or apply? [ck-mostwNRY or ?*] s
 You produce a high whistling sound.
 What do you want to use or apply? [ck-mostwNRY or ?*] s
 You produce a high whistling sound.
 What do you want to use or apply? [ck-mostwNRY or ?*] s
 You produce a high whistling sound.
 What do you want to use or apply? [ck-mostwNRY or ?*] s
 You produce a high whistling sound.
 What do you want to use or apply? [ck-mostwNRY or ?*] s
 You produce a high whistling sound.
 The door opens.
 Where do you want to travel to?
 (For instructions type a '?')
 Where do you want to travel to?
 (For instructions type a '?')
 Where do you want to travel to?
 (For instructions type a '?')
 You see a gas cloud dissipate.
 You hit the amphisbaena!
 The tingling in your hands lessens.
 The demilich appears confused.
 You hit the violet fungus!
 You already found a monster.  Use 'm' prefix to force another search.
 You already found a monster.  Use 'm' prefix to force another search.
 Are you waiting to get hit?  Use 'm' prefix to force a no-op (to rest).
 What do you want to use or apply? [ck-mostwNRY or ?*] s
 You produce a high whistling sound.
 What do you want to use or apply? [ck-mostwNRY or ?*] s
 You produce a high whistling sound.
 You already found a monster.  Use 'm' prefix to force another search.
 What do you want to use or apply? [ck-mostwNRY or ?*] s
 You produce a high whistling sound.
 What do you want to use or apply? [ck-mostwNRY or ?*] s
 You produce a high whistling sound.
 Where do you want to travel to?
 (For instructions type a '?')
 Really quit without saving? [yn] (n) y
 Do you want your possessions identified? [ynq] (y) y
 Do you want to see your attributes? [ynq] (y) y
 Do you want an account of creatures vanquished? [ynaq] (y) y
 Do you want to see your conduct and achievements? [ynq] (y) y
 Do you want to see the dungeon overview? [ynq] (y) y

Inventory:
 Coins    ('$')
  $ - 95 gold pieces
 Weapons  (')')
  K - a blessed +1 dagger
  g - a +0 dagger
  v - 5 +0 daggers (at the ready)
  C - a cursed +0 dagger
  F - a +1 elven dagger
  E - a +0 elven dagger
  Q - a cursed +0 knife
  a - a blessed +1 quarterstaff (weapon in hands)
 Armor    ('[')
  u - an uncursed +0 helm of telepathy (being worn)
  b - an uncursed +1 cloak of magic resistance (being worn)
  V - an uncursed +0 robe
 Comestibles  ('%')
  G - 2 uncursed slime molds
  D - a cursed food ration
 Scrolls  ('?')
  z - a blessed scroll of earth
  j - an uncursed scroll of remove curse
 Spellbooks  ('+')
  o - an uncursed spellbook of blank paper
  k - a blessed spellbook of force bolt
  l - an uncursed spellbook of identify
 Rings    ('=')
  e - an uncursed ring of cold resistance (on right hand)
  T - an uncursed ring of regeneration
  d - an uncursed ring of shock resistance (on left hand)
  J - an uncursed ring of stealth
 Wands    ('/')
  c - a wand of magic missile (0:6)
  t - a wand of stasis (0:5)
  N - a wand of striking (0:5)
 Tools    ('(')
  w - an uncursed leash
  m - a magic marker (0:20)
  Y - a +0 pick-axe
  s - an uncursed tin whistle
  R - 4 cursed wax candles
 Gems/Stones  ('*')
  A - 2 uncursed aquamarine stones
  H - a cursed worthless piece of red glass
  I - an uncursed worthless piece of yellowish brown glass

Koku the Wizard's attributes:

Background:
 You were a Conjurer, a level 5 female gnomish Wizard.
 You were neutral, nominally on a mission for Thoth
 who was opposed by Ptah (lawful) and Anhur (chaotic).
 You were right-handed.
 You were in the Dungeons of Doom, on level 4.
 You entered the dungeon 2920 turns ago.
 It was nighttime.
 You had 167 experience points, 153 more were needed to attain level 6.

Basics:
 You had 29 out of 33 hit points.
 You had 18 out of 47 energy points (spell power).
 Your armor class was 7.
 Your wallet contained 95 sporebucks.
 Autopickup was off.

Final Characteristics:
 Your strength was 17 (limit:18/50).
 Your dexterity was 14 (limit:18).
 Your constitution was 14 (limit:18).
 Your intelligence was 18 (limit:19).
 Your wisdom was 10 (limit:18).
 Your charisma was 11 (limit:18).

Final Status:
 You were hallucinating.
 You weren't hungry.
 You were unencumbered.
 You were wielding a quarterstaff.
 You had basic skill with quarterstaff.

Final Attributes:
 You were piously aligned.
 You were magic-protected.
 You were cold resistant.
 Your items were protected from cold.
 You were shock resistant.
 Your items were protected from electric shocks.
 You were telepathic.
 You had infravision.
 You would have confused monsters when hitting them.
 You were invisible.
 You were warded.
 You survived.

Miscellaneous:
 You didn't encounter any bones levels.
 Total elapsed playing time was 29 minutes and 57 seconds.

Major events:
 Turn
    1: Koku the neutral female gnomish Wizard entered the dungeon
  267: attained the rank of Conjurer (level 3)
  587: entered the Gnomish Mines
 2920: quit

Spells:
 Name                 Level Category     Fail Retention
 force bolt             1   attack         0%   81%-90%
 identify               3   divination    87%  76%-100%

Skills:
 Fighting Skills
   bare handed combat [Unskilled]
   riding             [Unskilled]
 Weapon Skills
   dagger             [Unskilled]
   knife              [Unskilled]
   axe                [Unskilled]
   short sword        [Unskilled]
   club               [Unskilled]
   mace               [Unskilled]
   quarterstaff       [Basic]
   polearms           [Unskilled]
   spear              [Unskilled]
   trident            [Unskilled]
   sling              [Unskilled]
   dart               [Unskilled]
   shuriken           [Unskilled]
 Spellcasting Skills
   attack spells      [Basic]
   healing spells     [Unskilled]
   divination spells  [Unskilled]
   enchantment spells [Basic]
   clerical spells    [Unskilled]
   escape spells      [Unskilled]
   matter spells      [Unskilled]

Voluntary challenges:
 Character rerolling was not enabled.
 You were an atheist.
 You never genocided any monsters.
 You never polymorphed an object.
 You never changed form.
 You used no wishes.
Achievements:
 You attained the rank of Conjurer.
 You entered the Gnomish Mines.
 You entered a shop.

 The Dungeons of Doom: levels 1 to 5
    Level 1:
       Some fountains.
    Level 2:
       A fountain.
       Stairs down to The Gnomish Mines.
    Level 3:
       A scroll shop, a fountain.
    Level 4: <- You were here.
       A general store, some fountains.
    Level 5:
       A fountain.
 The Gnomish Mines:
    Level 3:


Vanquished creatures:
 an imp
  a fog cloud
  a shrieker
  a gnome leader
  a floating eye
  a kitten
  2 dwarves
  a kobold leader
  2 rothes
 an iguana
 an acid blob
  3 coyotes
  4 hobbits
  2 hobgoblins
  a brown mold
  a green mold
  2 red molds
  2 gnomes
  a garter snake
  a gecko
  a jackal
  a kobold
  2 goblins
  2 sewer rats
  6 grid bugs
  a bat
  3 lichens
  2 kobold zombies
  8 newts
56 creatures vanquished.

No species were genocided or became extinct.

Goodbye Koku the Wizard...

You quit in The Dungeons of Doom on dungeon level 4 with 839 points,
and 95 pieces of gold, after 2920 moves.
You were level 5 with a maximum of 33 hit points when you quit.

